 Dungeon Crawl Stone Soup version 0.18-a0-82-gaf82852 (webtiles) character file.

3236 JEM123 the Archer (level 9, 0/81 HPs)
             Began as a Centaur Hunter on Nov 13, 2015.
             Slain by a wolf (2 damage)
             ... led by Grum
             ... on level 7 of the Dungeon.
             The game lasted 00:51:38 (11003 turns).

JEM123 the Archer (Centaur Hunter)                 Turns: 11003, Time: 00:51:38

Health: 0/81       AC: 13    Str: 15    XL:     9   Next: 66%
Magic:  9/9        EV:  8    Int: 10    God:
Gold:   476        SH:  0    Dex: 13    Spells: 0 memorised, 8 levels left

rFire  + . .     SeeInvis .     H - +0 glaive
rCold  . . .     Clarity  .     L - +1 ring mail {rF+}
rNeg   . . .     SustAt   .     (shield currently unavailable)
rPois  .         Gourm    .     (helmet restricted)
rElec  .         Spirit   .     (no cloak)
rCorr  .         Warding  .     o - +2 pair of gloves
rMut   .         Stasis   .     (no barding)
MR     .....                    x - amulet of faith
Stlth  ..........               (no ring)
                                (no ring)

@: very slightly contaminated, hasted, very quick, not resistant to hostile
enchantments, extremely unstealthy
A: beak, hooves 3, iridescent scales 1, deformed body, speed 2, tough skin 3
a: no special abilities


You were on level 7 of the Dungeon.
You were not hungry.

You visited 1 branch of the dungeon, and saw 10 of its levels.
You also visited: Ossuary.

You collected 476 gold pieces.

Inventory:

Hand Weapons
 b - a +0 longbow
 s - a +0 spear of venom
 t - a +0 trident
 y - a cursed -3 dagger
 A - a +3 dagger
 E - a +0 rapier
 F - a +0 morningstar
 H - a +0 glaive (weapon)
 K - a +3 dagger
Missiles
 a - 2 arrows
 l - 7 tomahawks
 n - 7 arrows of frost
 q - 152 stones (quivered)
 r - 14 bolts
Armour
 o - a +2 pair of gloves (worn)
 z - a +1 helmet
 L - a +1 ring mail of fire resistance (worn)
Jewellery
 i - the amulet "Ypid" {Regen+ Dex+4, unknown}
   (You found it on level 9 of the Dungeon)

   [amulet of regeneration]

   It affects your dexterity (+4).
   It increases your rate of regeneration.
 x - an amulet of faith (around neck)
Scrolls
 g - a scroll of identify
 u - a scroll of amnesia
 v - 2 scrolls of recharging
 w - 2 scrolls of remove curse
 B - a scroll of teleportation
 G - a scroll of magic mapping
Potions
 d - a potion of magic {unknown}
 j - 2 potions of agility
 k - 4 potions of cancellation
 m - a potion of brilliance
 p - 10 potions of curing
 D - a potion of berserk rage {unknown}
 I - a potion of ambrosia {unknown}
Comestibles
 e - 5 bread rations
 f - 4 meat rations
 h - a fruit


   Skills:
 - Level 8.1 Fighting
 + Level 2.6 Polearms
 - Level 14.1 Bows
 + Level 1.0 Armour
 - Level 1.3 Dodging
 - Level 0.5 Stealth


You had 8 spell levels left.
You didn't know any spells.

Dungeon Overview and Level Annotations

Branches:
Dungeon (10/15)
 Temple: D:4-7         Lair: D:8-11         Orc: D:9-12

Altars:
Gozag
Makhleb

Shops:
D:5 %   D:6 =}(

Annotations:
D:9 Psyche; password's ghost, novice FoFi


Innate Abilities, Weirdness & Mutations

You have hooves in place of feet.
Armour fits poorly on your strangely shaped body.
You cover ground very quickly.
You have extremely tough skin (AC +3).
You have a beak for a mouth.
You are partially covered in iridescent scales (AC +4).


Message History

* * * LOW HITPOINT WARNING * * *
The wolf bites you.
* * * LOW HITPOINT WARNING * * *
Drink which item? (? for menu, Esc to quit)
You feel better. The wolf bites you but does no damage.
The wolf completely misses you. The wolf bites you!
* * * LOW HITPOINT WARNING * * *
The wolf bites you but does no damage.
Drink which item? (? for menu, Esc to quit)
You feel yourself speed up. The wolf bites you but does no damage.
The wolf bites you.
* * * LOW HITPOINT WARNING * * *
The wolf bites you.
* * * LOW HITPOINT WARNING * * *
The wolf bites you but does no damage.
You are very lightly contaminated with residual magic.
You hit the wolf.
The wolf is moderately wounded.
The wolf bites you.
You die...

#.# #.... #.#
#.#.# #.# #.#.#
#.# #.#.# #.#
#...# #.# #...#
#.# #...# #.#
#.#h# #.# #.#@#
#.# #.#h# #.#
#.#.#
#.##########.#.#
#............#.#
##############.#
#.# #.# #.#


You could see 2 wolves.

Vanquished Creatures
  Pikel (D:4)
  A gargoyle (D:6)
  A wyvern (D:9)
  Grum (D:9)
  A wolf (D:9)
  Menkaure (D:4)
  An orc warrior (D:6)
  A phantom (D:6)
  A slave (D:4)
  3 ogres
  A centaur (D:7)
  Blork the orc (D:4)
  A giant frog (D:6)
  2 scorpions
  3 wights (D:6)
  3 crimson imps
  An orc wizard (D:7)
  5 giant frog skeletons
  2 hounds (D:9)
  Crazy Yiuf (D:5)
  An iguana (D:5)
  3 orc priests
  10 worker ants
  Jessica (D:2)
  A hound skeleton (D:4)
  8 mummies (Ossuary)
  11 adders
  4 gnolls
  A shadow imp (D:6)
  2 oozes
  An adder skeleton (D:6)
  3 worms
  2 giant geckos
  22 orcs
  A ball python (D:3)
  3 gnoll zombies (Ossuary)
  7 goblins
  9 hobgoblins
  10 jackals
  8 kobolds
  4 quokkas
  6 bats
  A giant cockroach (D:2)
  A giant gecko skeleton (D:7)
  3 giant newts
  2 hobgoblin zombies (Ossuary)
  A kobold zombie (Ossuary)
  2 orc zombies (Ossuary)
  9 rats
169 creatures vanquished.

Notes
Turn   | Place    | Note
--------------------------------------------------------------
     0 | D:1      | JEM123 the Centaur Hunter began the quest for the Orb.
     0 | D:1      | Reached XP level 1. HP: 17/17 MP: 1/1
     9 | D:1      | Noticed an electric eel
   166 | D:1      | Reached XP level 2. HP: 6/25 MP: 2/2
   788 | D:1      | Reached skill level 6 in Bows
  1202 | D:2      | Reached XP level 3. HP: 30/30 MP: 3/3
  1519 | D:2      | Noticed Jessica
  1528 | D:2      | Killed Jessica
  1528 | D:2      | Reached XP level 4. HP: 31/38 MP: 4/4
  2164 | D:3      | Reached skill level 7 in Bows
  2595 | D:3      | Reached XP level 5. HP: 45/45 MP: 5/5
  2997 | D:4      | Noticed Pikel
  2997 | D:4      | Noticed a slave
  2997 | D:4      | Noticed a slave
  2997 | D:4      | Noticed a slave
  2998 | D:4      | Noticed a slave
  3896 | D:4      | Noticed Menkaure
  3901 | D:4      | Killed Menkaure
  3901 | D:4      | Reached skill level 8 in Bows
  3901 | D:4      | Reached XP level 6. HP: 45/52 MP: 6/6
  4092 | D:4      | Noticed Blork the orc
  4123 | D:4      | Killed Blork the orc
  4123 | D:4      | Reached skill level 9 in Bows
  5022 | D:5      | Entered Level 5 of the Dungeon
  5209 | D:5      | Found a sand-covered staircase.
  5214 | Ossuary  | Entered an ossuary
  5505 | Ossuary  | Reached XP level 7. HP: 60/60 MP: 7/7
  6240 | D:4      | Reached skill level 5 in Fighting
  6240 | D:4      | Reached skill level 10 in Bows
  7088 | D:4      | Killed Pikel
  7088 | D:4      | Reached skill level 11 in Bows
  7088 | D:4      | Reached XP level 8. HP: 47/70 MP: 8/8
  7330 | D:5      | Found an opulent altar of Gozag.
  7333 | D:6      | Found Hurghuigh's Jewellery Boutique.
  7376 | D:5      | Reached skill level 12 in Bows
  7726 | D:5      | Noticed Crazy Yiuf
  7733 | D:5      | Killed Crazy Yiuf
  8092 | D:5      | Found Wuilubbo's Food Boutique.
  8111 | D:5      | Gained mutation: You have a beak for a mouth. [potion of mutation]
  8111 | D:5      | Gained mutation: You are partially covered in iridescent scales (AC +4). [potion of mutation]
  8111 | D:5      | Gained mutation: You are clumsy. (Dex -2) [potion of mutation]
  8112 | D:5      | Lost mutation: You are clumsy. (Dex -2) [potion of cure mutation]
  8521 | D:6      | Found Koqa's Antique Weapon Emporium.
  8711 | D:6      | Reached skill level 13 in Bows
  8763 | D:6      | Reached XP level 9. HP: 20/78 MP: 9/9
  9104 | D:6      | Found Xaskowk's Gadget Boutique.
  9691 | D:7      | Noticed a gargoyle
  9807 | D:7      | Found a burning altar of Makhleb.
  9961 | D:9      | Noticed Psyche
 10077 | D:6      | Killed a gargoyle
 10226 | D:6      | Reached skill level 14 in Bows
 10381 | D:7      | You fall through a shaft for 2 floors!
 10399 | D:10     | Entered Level 10 of the Dungeon
 10550 | D:9      | Reached skill level 1 in Polearms
 10748 | D:9      | Noticed Grum
 10768 | D:9      | Killed Grum
 10777 | D:9      | Reached skill level 1 in Armour
 10778 | D:9      | Noticed password's ghost (novice FoFi)
 10935 | D:9      | Got a brightly glowing pewter amulet
 10939 | D:9      | Noticed a hill giant
 10940 | D:9      | Noticed a cyan ugly thing
 10940 | D:9      | Noticed a centaur warrior
 10943 | D:9      | Noticed a hill giant
 11002 | D:7      | HP: 3/81 [wolf[Grum] (3)]
 11003 | D:7      | Slain by a wolf

Vault maps used:
D:1:      arrival_aquarium_a
D:2:      columned_hall_lemuel, uniq_jessica
D:3:      kennysheep_generic_room_4
D:4:      first_bread, uniq_menkaure, uniq_pikel, uniq_blork_the_orc
D:5:      enter_ossuary_5, serial_shops, shop, grunt_gozag_statues,
          uniq_crazy_yiuf_cottage
D:6:      serial_shops, shop, shop, shop_fountains, minmay_misc_feat_cross
D:7:      minmay_temple_entry_large_hall, basic_altar, uniq_joseph
D:8:      kennysheep_spiral_hall, uniq_maurice
D:9:      minmay_cut_squares, lemuel_doored_altar, hangedman_tree_tricks,
          uniq_grum, uniq_psyche
D:10:     wad_cavern_with_rooms
Ossuary:  ossuary_tomb_3

Action                   |  1- 3 |  4- 6 |  7- 9 || total
-------------------------+-------+-------+-------++-------
Melee: Spear             |   128 |    33 |   235 ||   396
       Short sword       |     7 |       |       ||     7
       Trident           |       |   228 |   131 ||   359
       Glaive            |       |       |    11 ||    11
 Fire: Shortbow          |       |     2 |       ||     2
       Longbow           |       |    17 |   115 ||   132
Throw: Stone             |     1 |    83 |    97 ||   181
  Use: Scroll            |       |     9 |    12 ||    21
       Potion            |       |       |     6 ||     6
  Eat: Chunk             |     1 |     9 |     8 ||    18
       Beef jerky        |       |     2 |       ||     2
       Meat ration       |       |       |     1 ||     1
       Fruit             |       |       |     2 ||     2
